 Dungeon Crawl Stone Soup version 0.31.0-2-g5a2aebc5c2 (webtiles) character file.

Game seed: 14212401451634455683

1604 Cheops the Spear-Bearer (level 9, -3/64 HPs)
             Began as a Formicid Fighter on Jan 20, 2024.
             Was a Believer of Ru.
             Slain by a yak (6 damage)
             ... on level 6 of the Dungeon.
             The game lasted 00:10:13 (5512 turns).

Cheops the Spear-Bearer (Formicid Fighter)          Turns: 5512, Time: 00:10:14

Health: -3/64      AC: 11    Str: 25    XL:     9   Next: 16%
Magic:  9/9        EV:  8    Int: 14    God:    Ru [**....]
Gold:   367        SH:  0    Dex: 13    Spells: 8/8 levels left

rFire   . . .        a - +0 trident
rCold   . . .        f - orb {light}
rNeg    + . .        z - +0 chain mail
rPois   .            (helmet unavailable)
rElec   .            (no cloak)
rCorr   .            x - +1 pair of gloves of Benevolence {rN+}
SInv    +            (no boots)
Will    +....        (no amulet) Stlth
                     r - +6 ring of intelligence
HPRegen 0.30/turn    (no ring)
MPRegen 0.11/turn

%: no passive effects
@: enlightened, flying, glowing
A: permanent stasis, dig shafts and tunnels, antennae 3, hated by all, four
strong arms
a: Dig, Shaft Self, Renounce Religion


You were on level 6 of the Dungeon.
You worshipped Ru.
Ru was pleased with you.
You visited 2 branches of the dungeon, and saw 7 of its levels.

You collected 367 gold pieces.

Inventory:

Hand Weapons
 a - a +0 trident (weapon)
Missiles
 y - a throwing net
Armour
 b - a +0 scale mail
 f - an orb of light (worn)
 q - a +0 buckler
 x - the +1 pair of gloves of Benevolence (worn) {rN+}
   (You found it on level 4 of the Dungeon)

   rN+:       It protects you from negative energy.
 z - a +0 chain mail (worn)
Magical Staves
 c - a staff of fire
Jewellery
 r - a +6 ring of intelligence (left hand)
Wands
 d - a wand of polymorph (25)
Scrolls
 g - a scroll of silence
 h - a scroll of butterflies {unknown}
 l - 3 scrolls of teleportation
 m - a scroll of vulnerability
Potions
 e - 2 potions of attraction
 j - a potion of enlightenment
 k - a potion of haste
 o - a potion of magic {unknown}
 p - 5 potions of curing {unknown}
 t - a potion of cancellation {unknown}
 w - a potion of heal wounds {unknown}


   Skills:
 - Level 3.2 Fighting
 + Level 11.1 Polearms
 - Level 3.2 Armour
 - Level 4.0 Shields


You had 8 spell levels left.
You didn't know any spells.
Your spell library contained the following spells:

 Spells                   Type           Power      Damage    Failure   Level
 Kiss of Death            Conj/Necr      0%         2d5       83%         1
 Confusing Touch          Hex            0%         N/A       99%         3
 Dispel Undead            Necr           0%         3d6       100%        4


Dungeon Overview and Level Annotations

Branches:
Dungeon (6/15)             Temple (1/1) D:5

Altars:
Ashenzari
Cheibriados
Dithmenos
Elyvilon
Gozag
Makhleb
Nemelex Xobeh
Okawaru
Ru
Sif Muna
Trog
Uskayaw
Vehumet
Xom
The Shining One

Shops:
D:5 *


Innate Abilities, Weirdness & Mutations

You cannot be hasted, slowed, berserked, paralysed or teleported.
You can dig through walls and to a lower floor.
You have a pair of large antennae on your head. (SInv)
You are hated by all.
Your four strong arms can wield two-handed weapons with a shield.


Message History

Unknown command.
Unknown command.
You hit the yak but do no damage.
The yak is lightly wounded.
The scorpion is stunned by your conviction and fails to attack.
The yak closely misses you. The yak attacks as it pursues you!
The yak gores you!
* * * LOW HITPOINT WARNING * * *
The scorpion closely misses you. The yak gores you.
* * * LOW HITPOINT WARNING * * *
The yak closely misses you. The yak attacks as it pursues you!
The yak gores you.
* * * LOW HITPOINT WARNING * * *
The white imp hits you but does no damage.
Unknown command.
Unknown command.
Unknown command.
The white imp attacks as it pursues you!
The white imp hits you.
* * * LOW HITPOINT WARNING * * *
The white imp freezes you.
* * * LOW HITPOINT WARNING * * *
Unknown command.
Unknown command.
The yak closely misses you.
The white imp begins to attack, but is stunned by your conviction!
The white imp attacks as it pursues you!
The white imp hits you but does no damage.
It was a potion of enlightenment.
You feel very buoyant.
You fly up into the air.
The yak gores you.
* * * LOW HITPOINT WARNING * * *
Unknown command.
Unknown command.
Unknown command.
Unknown command.
It was a potion of haste.
Your stasis prevents you from being hasted.
The yak gores you.
You die...

..#,,..........,,,,*,,,,,*
..#*###....#*,,,**#......***
..# #.oo..###.#**#........,*
..# #.##.<....# #.........#
..# #.##5##..## #.........#
..###.........####.........###
......##..###................#
......###..#######s..........#
................@Y5..........#
##..######.#######Y...)......#
.....#####.## #..........#*
........#.>.######..........#
...........##.#.##..........#
###..##...###...###.........#
# ##.##...##..#..##........##
# #.##...##.....###...##### #
#.###..###.#.####...#,,,*


You could see 2 yaks, a scorpion and a white imp.

Vanquished Creatures
  Grinder (D:4)
  Menkaure (D:6)
  An ogre (D:5)
  A bullfrog (D:6)
  A gnoll sergeant (D:6)
  3 scorpions
  Dowan (D:6)
  3 bombardier beetles
  A quasit (D:6)
  6 orc priests
  A hound (D:3)
  3 iguanas
  3 orc wizards (D:5)
  8 gnolls
  13 adders
  A shadow imp (D:5)
  2 white imps (D:5)
  A ribbon worm (D:3)
  4 dart slugs
  13 orcs
  3 endoplasms
  2 giant cockroaches
  6 goblins
  8 hobgoblins
  3 jackals (D:2)
  9 kobolds
  5 quokkas
  10 ball pythons
  4 bats
  6 frilled lizards
  A goblin skeleton (D:6)
  A kobold skeleton (D:6)
  2 kobold zombies (D:6)
  An orc zombie (D:6)
  7 rats
136 creatures vanquished.

Notes
Turn   | Place    | Note
-------+----------+-------------------------------------------
     0 | D:1      | Cheops the Formicid Fighter began the quest for the Orb.
     0 | D:1      | Reached XP level 1. HP: 18/18 MP: 1/1
   134 | D:1      | Reached XP level 2. HP: 23/24 MP: 2/2
   199 | D:1      | Reached skill level 3 in Polearms
   327 | D:1      | Reached XP level 3. HP: 29/29 MP: 3/3
   449 | D:2      | Reached skill level 4 in Polearms
   449 | D:2      | Reached XP level 4. HP: 16/35 MP: 4/4
  1143 | D:2      | Reached XP level 5. HP: 41/41 MP: 5/5
  1459 | D:3      | Reached skill level 5 in Polearms
  1545 | D:3      | Found a blossoming altar of Fedhas.
  2114 | D:4      | Reached XP level 6. HP: 47/47 MP: 6/6
  2120 | D:4      | Found a burning altar of Makhleb.
  2205 | D:4      | Reached skill level 6 in Polearms
  2686 | D:4      | Found a shadowy altar of Dithmenos.
  2688 | D:4      | Found a shimmering altar of Xom.
  2691 | D:4      | Found a hide-covered altar of Uskayaw.
  2727 | D:4      | Noticed Grinder
  2739 | D:4      | Killed Grinder
  2740 | D:4      | Reached skill level 7 in Polearms
  2740 | D:4      | Reached XP level 7. HP: 47/52 MP: 7/7
  2804 | D:4      | Identified the +1 pair of gloves of Benevolence {rN+}
  2861 | D:4      | Reached skill level 8 in Polearms
  3056 | D:5      | Entered Level 5 of the Dungeon
  3111 | D:5      | Reached XP level 8. HP: 58/58 MP: 8/8
  3168 | D:5      | Found a staircase to the Ecumenical Temple.
  3182 | Temple   | Entered the Ecumenical Temple
  3359 | Temple   | Became a worshipper of Ru the Awakened
  3410 | D:5      | Reached skill level 9 in Polearms
  3559 | D:5      | Found a bloodstained altar of Trog.
  3698 | D:5      | Found an opulent altar of Gozag.
  3706 | D:5      | Found Gozag's Platinum Reserve.
  4245 | D:5      | Reached skill level 10 in Polearms
  5177 | D:6      | Found a glowing golden altar of the Shining One.
  5177 | D:6      | Noticed Menkaure
  5194 | D:6      | Reached XP level 9. HP: 33/64 MP: 9/9
  5310 | D:6      | Killed Menkaure
  5311 | D:6      | Reached skill level 11 in Polearms
  5375 | D:6      | Noticed Dowan
  5381 | D:6      | Killed Dowan
  5489 | D:6      | Gained mutation: You are hated by all. [Ru sacrifice]
  5489 | D:6      | Reached * piety under Ru
  5489 | D:6      | Reached ** piety under Ru
  5511 | D:6      | HP: 3/64 [yak (4)]
  5512 | D:6      | Slain by a yak

Illustrated notes

Levels and vault maps discovered:
D:1:      ldierk_walled_garden_2, layout_rooms, grunt_decor_cap
D:2:      minmay_general_purpose_star, layout_basic
D:3:      layout_basic, fedhas_altar_3
D:4:      layout_basic, grunt_temple_overflow_diamond,
          mainiacjoe_overflow_concentric_impassable, minmay_fractal_squares_5,
          uniq_grinder
D:5:      layout_loops_cross, trog_book, nicolae_gozag_zags_fifth_avenue,
          minmay_temple_entry_wispy, nicolae_hexahallways, grunt_ministairs_5
D:6:      layout_rooms, nicolae_tso_besieged_by_evil, serial_shops,
          nicolae_inconvenience_store, serial_library,
          serial_library_hellmonk_layered_room,
          serial_library_regret_index_small_wings,
          serial_library_hellmonk_room_c,
          serial_library_hellmonk_reading_circle,
          serial_library_hellmonk_room_a, serial_library_hellmonk_semicircle,
          serial_library_regret_index_multi, serial_library_hellmonk_junction,
          serial_library_hellmonk_hallway_a,
          serial_library_hellmonk_narrow_alcove,
          serial_library_hellmonk_open_cross,
          serial_library_hellmonk_filled_rooms, uniq_menkaure, uniq_duvessa
Temple:   nicolae_temple_figure_zero

Skill      XL: |  1  2  3  4  5  6  7  8  9 |
---------------+----------------------------+-----
Polearms       | 3 4 5 7 8 10 11 | 11.1
Fighting       | |  3.2
Armour         | |  3.2
Shields        | |  4.0

Action                     |  1- 3 |  4- 6 |  7- 9 || total
---------------------------+-------+-------+-------++-------
  Melee: Trident           |    62 |   135 |   248 ||   445
 Invoke: Sacrifice Love    |       |       |     1 ||     1
    Use: Potion            |       |     1 |     2 ||     3
         Scroll            |       |       |     8 ||     8
 Armour: Scale mail        |    39 |    60 |    93 ||   192
         Chain mail        |       |       |    88 ||    88
  Dodge: Dodged            |    21 |    43 |   105 ||   169
  Block: Buckler           |     1 |       |       ||     1
